 Dungeon Crawl Stone Soup version 0.26-a0-850-g97a50ab700 (webtiles) character file.

Game seed: 12450481175134293447

15668 snetch the Cleaver (level 12, -9/108 HPs)
             Began as a Minotaur Berserker on Nov 19, 2020.
             Was a High Priest of Trog.
             Mangled by an ettin
             ... wielding a +0 dire flail
              (23 damage)
             ... on level 11 of the Dungeon on Nov 20, 2020.
             The game lasted 00:47:53 (12425 turns).

snetch the Cleaver (Minotaur Berserker)            Turns: 12425, Time: 00:47:54

Health: -9/108     AC: 20    Str: 28    XL:     12   Next: 3%
Magic:  11/11      EV: 11    Int:  4    God:    Trog [*****.]
Gold:   908        SH:  0    Dex:  9    Spells: 11/11 levels left

rFire    . . .     SeeInvis +   a - +4 battleaxe
rCold    + . .     Faith    .   (shield currently unavailable)
rNeg     . . .     Spirit   .   T - +2 chain mail {rC+}
rPois    .         Reflect  .   (helmet restricted)
rElec    .         Harm     .   I - +2 cloak {rCorr}
rCorr    +         Rampage  .   (no gloves)
MR       .....                  Y - +2 pair of boots
Stlth    ..........             t - amulet of regeneration
HPRegen  0.68/turn              z - ring of see invisible
MPRegen  0.12/turn              P - +4 ring of slaying

@: no status effects
A: retaliatory headbutt, horns 2
a: Berserk, Trog's Hand, Brothers in Arms, Renounce Religion


You were on level 11 of the Dungeon.
You worshipped Trog.
Trog was extremely pleased with you.
You visited 2 branches of the dungeon, and saw 13 of its levels.
You also visited: Sewer.

You collected 908 gold pieces.

Inventory:

Hand Weapons
 a - a +4 battleaxe (weapon)
 b - a +1 antimagic dire flail
 c - a +3 spear of venom
 d - a +4 scimitar of flaming
Missiles
 f - 490 stones
 o - 2 throwing nets
 v - 16 boomerangs
 D - 20 poisoned darts (quivered)
Armour
 I - a +2 cloak of preservation (worn)
 T - a +2 chain mail of cold resistance (worn)
 Y - a +2 pair of boots (worn)
Jewellery
 h - an uncursed ring of poison resistance
 j - an uncursed ring of flight
 t - an amulet of regeneration (around neck)
 z - a ring of see invisible (left hand)
 O - a +4 ring of protection
 P - a +4 ring of slaying (right hand)
Wands
 i - a wand of random effects (16)
 w - a wand of polymorph (12)
 C - a wand of disintegration (12)
 N - a wand of flame (22)
 Q - a wand of digging (6)
 S - a wand of iceblast (9)
Scrolls
 e - a scroll of blinking
 g - 5 scrolls of enchant weapon
 p - 17 scrolls of teleportation
 r - 3 scrolls of fear
 s - a scroll of torment {unknown}
 y - 3 scrolls of immolation
 B - a scroll of remove curse
 Z - a scroll of magic mapping
Potions
 k - a potion of mutation
 m - a potion of cancellation
 n - 8 potions of ambrosia
 q - 2 potions of might
 u - 7 potions of flight
 x - 3 potions of curing
 A - a potion of haste
 L - 3 potions of attraction
 M - a potion of resistance
Miscellaneous
 W - a phantom mirror


   Skills:
 + Level 10.6 Fighting
 + Level 14.2(14.8) Axes
 + Level 7.4(12.5) Maces & Flails
 + Level 0.6(10.5) Polearms
 - Level 7.3(8.8) Staves
 + Level 1.4 Throwing
 + Level 10.4 Armour
 + Level 5.1 Dodging
 + Level 1.1 Evocations


You had 11 spell levels left.
You didn't know any spells.
Your spell library contained the following spells:

 Spells                   Type           Power        Failure   Level
 Animate Skeleton         Necr           #.....       94%         1
 Corona                   Hex            #......      94%         1
 Pain                     Necr           #...         94%         1
 Ensorcelled Hibernation  Hex/Ice        #.....       98%         2
 Poisonous Vapours        Pois/Air       #.....       98%         2
 Confusing Touch          Hex            #.......     100%        3
 Conjure Flame            Conj/Fire      #.......     100%        3
 Dazzling Flash           Conj/Hex       #.....       100%        3
 Mephitic Cloud           Conj/Pois/Air  #.......     100%        3
 Tukima's Dance           Hex            #.......     100%        3
 Vampiric Draining        Necr           #.........   100%        3
 Animate Dead             Necr           #.........   100%        4
 Cause Fear               Hex            #.........   100%        4
 Agony                    Necr           #.......     100%        5
 Silence                  Hex/Air        #.........   100%        5
 Yara's Violent Unravell  Hex/Tmut       #.........   100%        5
 Freezing Cloud           Conj/Ice/Air   #.........   100%        6
 Discord                  Hex            #.........   100%        8


Dungeon Overview and Level Annotations

Branches:
Dungeon (12/15)            Temple (1/1) D:5            Lair (0/6) D:9
    Orc (0/2) D:9           Sewer (visited)

Altars:
Ashenzari
Cheibriados
Dithmenos
Elyvilon
Fedhas
Gozag
Hepliaklqana
Kikubaaqudgha
Makhleb
Nemelex Xobeh
Okawaru
Qazlal
Ru
Sif Muna
Trog
Uskayaw
Vehumet
Wu Jian
Xom
Yredelemnul
Zin
The Shining One
Beogh

Shops:
D:7 }

Annotations:
D:4 gold behind rocks


Innate Abilities, Weirdness & Mutations

You reflexively headbutt those who attack you in melee.
You have a pair of horns on your head.


Message History

The boulder beetle stops rolling and uncurls.
The boulder beetle curls into a ball and begins rolling!
Unknown command.
The ettin looks more healthy.
You hear a grinding noise.
The boulder beetle hits you!!
* * * LOW HITPOINT WARNING * * *
The boulder beetle stops rolling and uncurls.
Okay, then.
You hear a grinding noise.
There is a stone staircase leading up here.
The boulder beetle bites you!
* * * LOW HITPOINT WARNING * * *
The ettin hits you but does no damage. The ettin closely misses you.
You climb upwards.
There is a stone staircase leading down here.
You feel better.
The boulder beetle bites you but does no damage.
The ettin hits you with a +0 dire flail!!
You die...

##.#....(###.##.# ##.####.##.##
#..#####(.##.##.# ##..#........#
#.## #..##.##.# #..##........#
#.# #..##.##.###.###........#
..# #..!..[..."...##........#
.## #..............#........# (#
##.......................# .####
#.>......B.C.....###.#.###
....###.........@......###.#.###
###..#.........................#
##...........................#
##.##.(.....................#
#.###......................#
###.###......#.....#.........#
#............#################
###.##.........#
....##.........#


You could see a boulder beetle and an ettin.

Vanquished Creatures
  Erolcha (D:11)
  Erica (D:10)
  2 two-headed ogres
  An unseen horror (D:12)
  Pikel (D:4)
  An ugly thing (D:11)
  A manticore (D:11)
  Maurice (D:8)
  A komodo dragon (D:8)
  A queen bee (D:10)
  A hornet (D:11)
  Prince Ribbit (D:7)
  4 slime creatures (D:9)
  A wraith (D:11)
  A wyvern (D:8)
  5 yaks (D:9)
  Duvessa (D:5)
  A black bear (D:8)
  5 ice beasts
  2 necrophages
  11 orc warriors
  4 phantoms
  3 sky beasts
  A hornet zombie (D:7)
  8 ogres
  5 centaurs
  A big kobold (D:11)
  6 bullfrogs
  A gnoll sergeant (D:5)
  Dowan (D:5)
  6 scorpions
  27 killer bees
  8 wights
  5 howler monkeys
  3 centaur zombies
  A bullfrog zombie (D:7)
  2 quasits
  8 hounds
  A jelly (D:7)
  6 orc priests
  Crazy Yiuf (D:4)
  A gnoll shaman (D:5)
  16 orc wizards
  2 bullfrog skeletons
  4 centaur skeletons
  2 iguanas
  11 worker ants
  A killer bee zombie (D:9)
  2 hound skeletons
  A hound zombie (D:6)
  Robin (D:2)
  17 adders
  21 gnolls
  3 white imps
  2 ufetubi
  4 oozes (Sewer)
  An adder zombie (D:5)
  An adder skeleton (D:6)
  6 worms
  2 dart slugs (D:2)
  12 leopard geckos
  72 orcs
  11 giant cockroaches
  9 hobgoblins
  10 jackals
  10 kobolds
  4 quokkas
  2 ball pythons
  18 bats
  5 frilled lizards
  15 goblins
  2 jackal skeletons (D:4)
  2 leopard gecko skeletons
  2 leopard gecko zombies
  9 rats
423 creatures vanquished.

Vanquished Creatures (others)
  A tengu conjurer (D:12)
  A killer bee (D:11)
  18 fungi (D:9)
  24 plants (D:9)
44 creatures vanquished.

Grand Total: 467 creatures vanquished

Notes
Turn   | Place    | Note
-------+----------+-------------------------------------------
     0 | D:1      | snetch the Minotaur Berserker began the quest for the Orb.
     0 | D:1      | Reached XP level 1. HP: 19/19 MP: 0/0
   180 | D:1      | Reached XP level 2. HP: 26/27 MP: 1/1
   197 | D:1      | Reached skill level 4 in Axes
   529 | D:2      | Noticed Robin
   536 | D:2      | Reached ** piety under Trog
   537 | D:2      | Reached XP level 3. HP: 19/33 MP: 2/2
   542 | D:2      | Killed Robin
   543 | D:2      | Reached skill level 1 in Maces & Flails
   590 | D:2      | Reached XP level 4. HP: 15/41 MP: 3/3
  1833 | D:3      | Reached XP level 5. HP: 8/47 MP: 4/4
  1834 | D:3      | Reached skill level 5 in Axes
  2210 | D:3      | Reached skill level 5 in Fighting
  2529 | D:3      | Reached *** piety under Trog
  2610 | D:3      | Found a burning altar of Makhleb.
  2610 | D:3      | Found a faded altar of an unknown god.
  2615 | D:3      | Found a faded altar of an unknown god.
  2617 | D:3      | Found a shimmering blue altar of Sif Muna.
  2618 | D:3      | Found a glowing silver altar of Zin.
  2749 | D:3      | Reached XP level 6. HP: 56/56 MP: 5/5
  3170 | D:5      | Entered Level 5 of the Dungeon
  3224 | D:4      | Noticed Pikel
  3246 | D:4      | Killed Pikel
  3247 | D:4      | Reached skill level 5 in Maces & Flails
  3247 | D:4      | Reached XP level 7. HP: 21/63 MP: 6/6
  3268 | D:5      | Reached skill level 6 in Axes
  3268 | D:5      | Reached skill level 5 in Armour
  3654 | D:4      | Reached XP level 8. HP: 62/71 MP: 7/7
  4106 | D:4      | Found a runed translucent door.
  4107 | D:4      | Noticed Crazy Yiuf
  4117 | D:4      | Killed Crazy Yiuf
  4427 | D:6      | Reached skill level 1 in Staves
  4517 | D:6      | Found an iron altar of Okawaru.
  4620 | D:6      | Found a glowing drain.
  4629 | Sewer    | Entered a sewer
  4653 | Sewer    | Reached **** piety under Trog
  5247 | D:5      | Noticed Dowan
  5248 | D:5      | Noticed Duvessa
  5255 | D:5      | Killed Dowan
  5258 | D:5      | Killed Duvessa
  5259 | D:5      | Reached XP level 9. HP: 68/79 MP: 8/8
  5365 | D:5      | Found a staircase to the Ecumenical Temple.
  5392 | D:4      | Upgraded the game from 0.26-a0-846-gcc8f1ee719 to
                  | 0.26-a0-850-g97a50ab700
  5560 | D:5      | Reached skill level 5 in Staves
  5674 | D:5      | Reached skill level 1 in Evocations
  5967 | Temple   | Entered the Ecumenical Temple
  6764 | D:6      | Found a radiant altar of Vehumet.
  6917 | D:7      | Noticed Prince Ribbit
  6920 | D:7      | Killed Prince Ribbit
  7370 | D:8      | Noticed a komodo dragon
  7374 | D:8      | Reached ***** piety under Trog
  7375 | D:8      | Reached skill level 7 in Axes
  7378 | D:8      | Killed a komodo dragon
  7379 | D:8      | Reached XP level 10. HP: 88/88 MP: 9/9
  7498 | D:7      | Reached skill level 8 in Axes
  7585 | D:7      | Found Asmapn's Gadget Emporium.
  7804 | D:7      | Received a gift from Trog
  8133 | D:7      | Found an iron altar of Okawaru.
  8274 | D:8      | Reached skill level 9 in Axes
  8454 | D:10     | Entered Level 10 of the Dungeon
  8635 | D:8      | Noticed Maurice
  8646 | D:8      | Killed Maurice
  8774 | D:9      | Reached skill level 10 in Axes
  9141 | D:9      | Found a staircase to the Lair.
  9272 | D:9      | Found a snail-covered altar of Cheibriados.
  9273 | D:9      | Found a stormy altar of Qazlal.
  9275 | D:9      | Found a sacrificial altar of Ru.
  9311 | D:9      | Found a roughly hewn altar of Beogh.
  9317 | D:9      | Reached skill level 11 in Axes
  9762 | D:9      | Reached XP level 11. HP: 78/97 MP: 10/10
  9849 | D:9      | Found an ornate altar of the Wu Jian Council.
  9944 | D:9      | Found a basalt altar of Yredelemnul.
 10118 | D:9      | Found a staircase to the Orcish Mines.
 10309 | D:11     | Noticed a white ugly thing
 10309 | D:11     | Noticed a two-headed ogre
 10315 | D:11     | Killed a two-headed ogre
 10317 | D:11     | Killed a white ugly thing
 10318 | D:11     | Reached skill level 12 in Axes
 10320 | D:11     | Reached skill level 10 in Fighting
 10446 | D:11     | Reached skill level 1 in Throwing
 10707 | D:10     | Noticed Erica
 10740 | D:10     | Killed Erica
 10741 | D:10     | Reached skill level 10 in Armour
 11044 | D:10     | Reached skill level 13 in Axes
 12061 | D:11     | Reached skill level 5 in Dodging
 12184 | D:11     | Noticed Erolcha
 12189 | D:11     | Received a gift from Trog
 12191 | D:11     | Killed Erolcha
 12359 | D:12     | Noticed a two-headed ogre
 12366 | D:12     | Killed a two-headed ogre
 12367 | D:12     | Reached skill level 14 in Axes
 12381 | D:12     | Noticed an ettin
 12382 | D:12     | Noticed a boulder beetle
 12384 | D:12     | Noticed a centaur warrior
 12387 | D:12     | Noticed an unseen horror
 12387 | D:12     | Noticed a deep troll earth mage
 12389 | D:12     | Killed an unseen horror
 12390 | D:12     | Reached XP level 12. HP: 90/108 MP: 11/11
 12423 | D:12     | HP: 5/108 [boulder beetle (11)]
 12425 | D:11     | Mangled by an ettin

Illustrated notes

Levels and vault maps discovered:
D:1:      wander_arrival_fairy_ring, layout_basic
D:2:      layout_basic, uniq_robin
D:3:      layout_basic, chequers_temple_overflow_minitemple,
          chequers_serial_rivers_small_a
D:4:      cheibrodos_quashed, layout_basic, uniq_pikel, uniq_crazy_yiuf_cottage
D:5:      layout_gridville, minmay_temple_entry_purple_smoke, uniq_duvessa
D:6:      layout_loops_ring, kennysheep_okawaru_gauntlet,
          lemuel_coloured_pillars_altar, portal_sewer_entry_d,
          lemuel_old_faithful
D:7:      layout_cave_pods, serial_shops, shop, hangedman_decor_clover_reticule,
          david_defended_altar_orc, uniq_prince_ribbit1
D:8:      layout_rooms, uniq_maurice
D:9:      layout_roguey [special_room_orc], lemuel_round_altar, minitemple,
          lemuel_crystal_altar, grunt_lair_entry_orc_guard_hut, orc_0_dummy
D:10:     layout_long_grid, special_room [special_room_bee],
          kennysheep_generic_room_5, uniq_erica
D:11:     layout_rooms, uniq_erolcha
D:12:     layout_long_grid, nrook_loot_triangle,
          minmay_checkered_concentric_circles
Temple:   nicolae_temple_no_exploring_needed

Skill      XL: |  1  2  3  4  5  6  7  8  9 10 11 |
---------------+----------------------------------+-----
Axes           | 4 5 6 7 11 14 | 14.2
Fighting       | 4 5 6 7 8 9 10 | 10.6
Maces & Flails | 1 2 5 6 7 |  7.4
Armour         | 3 4 5 6 8 9 10 | 10.4
Dodging        | 3 4 5 |  5.1
Staves         | 4 7 |  7.3
Evocations     | 1 |  1.1
Throwing       | 1 |  1.4
Polearms       | |  0.6

Action                   |  1- 3 |  4- 6 |  7- 9 | 10-12 || total
-------------------------+-------+-------+-------+-------++-------
Melee: Hand axe          |    23 |    43 |     6 |       ||    72
       Mace              |    19 |    87 |    52 |       ||   158
       Headbutt          |     5 |    13 |    44 |    44 ||   106
       Quarterstaff      |       |       |   159 |       ||   159
       Halberd           |       |       |     9 |       ||     9
       Battleaxe         |       |       |    25 |   338 ||   363
Throw: Stone             |     1 |       |       |       ||     1
       Dart              |       |       |     1 |    21 ||    22
Invok: Berserk           |     1 |     1 |     5 |     2 ||     9
       Trog's Hand       |       |       |       |     2 ||     2
 Abil: Evoke Flight      |       |       |     5 |       ||     5
  Use: Scroll            |       |       |       |    23 ||    23
       Potion            |       |       |       |     2 ||     2
 Stab: Petrified         |       |       |     2 |       ||     2
       Confused          |       |       |     1 |       ||     1
Armor: Leather armour    |    16 |    21 |       |       ||    37
       Animal skin       |     3 |       |       |       ||     3
       Chain mail        |       |    30 |   151 |   198 ||   379
       Scale mail        |       |     2 |       |       ||     2
       Plate armour      |       |       |       |     6 ||     6
       Skin              |       |       |       |    10 ||    10
Dodge: Dodged            |    37 |    90 |   118 |   213 ||   458

Table legend: (Time is in decaauts)
 A = Elapsed time spent in this place.
 B = Non-inter-level travel time spent in this place.
 C = Inter-level travel time spent in this place.
 D = Time resting spent in this place.
 E = Time spent auto-exploring this place.
 F = Levels seen in this place.
 G = Mean time per level.
                   A        B        C        D        E       F      G
               +--------+--------+--------+--------+--------+-----+--------+
         Total |  12707 |  11935 |    772 |    775 |   7257 |  14 |  907.6 |
       Dungeon |  12063 |  11291 |    772 |    775 |   6910 |  12 | 1005.2 |
        Temple |      1 |      1 |      0 |      0 |      0 |   1 |    1.0 |
         Sewer |    642 |    642 |      0 |      0 |    347 |   1 |  642.0 |
               +--------+--------+--------+--------+--------+-----+--------+

Top non-repeatable levels by time:
     D:9: 1651 daAuts
     D:3: 1414 daAuts
    D:10: 1288 daAuts
     D:7: 1214 daAuts
     D:4: 1188 daAuts
     D:5: 1150 daAuts
     D:6: 1038 daAuts
     D:2: 869 daAuts
     D:1: 840 daAuts
    D:11: 673 daAuts
   Sewer: 642 daAuts
     D:8: 635 daAuts
    D:12: 98 daAuts
  Temple: 1 daAuts
